 Dungeon Crawl Stone Soup version 0.20.1-2-g1830e616b0 (webtiles) character file.

91 Alfie the Shooter (level 4, -1/34 HPs)
             Began as a Human Hunter on Feb 4, 2020.
             Slain by Natasha (2 damage)
             ... on level 2 of the Dungeon.
             The game lasted 00:03:06 (1061 turns).

Alfie the Shooter (Human Hunter)                    Turns: 1061, Time: 00:03:06

Health: -1/34      AC:  3    Str: 13    XL:     4   Next: 87%
Magic:  4/4        EV: 12    Int: 11    God:
Gold:   111        SH:  0    Dex: 14    Spells: 3/3 levels left

rFire    . . .     SeeInvis .   a - +1 shortbow
rCold    . . .     Gourm    .   (shield currently unavailable)
rNeg     . . .     Faith    .   c - +0 leather armour
rPois    .         Spirit   .   (no helmet)
rElec    .         Reflect  .   (no cloak)
rCorr    .         Harm     .   (no gloves)
MR       .....                  (no boots)
Stlth    ++........             (no amulet)
Regen    0.2/turn               (no ring)
MPRegen  0.1/turn               (no ring)

@: no status effects
A: no striking features
a: no special abilities


You were on level 2 of the Dungeon.
You were not hungry.

You visited 1 branch of the dungeon, and saw 2 of its levels.

You collected 111 gold pieces.

Inventory:

Hand Weapons
 a - a +1 shortbow (weapon)
 b - a +0 short sword
Missiles
 d - 28 arrows (quivered)
 o - 4 poisoned needles
Armour
 c - a +0 leather armour (worn)
Scrolls
 e - 2 scrolls of remove curse {unknown}
 g - 2 scrolls of identify {unknown}
 i - 2 scrolls of magic mapping {unknown}
 j - a scroll of amnesia {unknown}
Potions
 h - a potion of invisibility {unknown}
 k - a potion of curing
 l - a potion of berserk rage {unknown}
 m - a potion of cancellation {unknown}
Comestibles
 f - 4 bread rations
 n - 4 fruits


   Skills:
 + Level 2.4 Fighting
 + Level 5.3 Bows
 + Level 1.2 Armour
 + Level 2.1 Dodging
 + Level 1.2 Stealth


You had 3 spell levels left.
You didn't know any spells.

Dungeon Overview and Level Annotations

Branches:
Dungeon (2/15)

Altars:

Annotations:
D:2 Natasha


Message History

* * * LOW HITPOINT WARNING * * *
You see here an arrow.
Firing (i - inventory):
d - 31 arrows (quivered)
Press: ? - help, Shift-Dir - straight line, f - Natasha
Aim: Natasha You shoot an arrow.
The arrow barely misses Natasha.
Firing (i - inventory):
d - 30 arrows (quivered)
Press: ? - help, Shift-Dir - straight line, f/p - Natasha
Aim: Natasha You shoot an arrow.
The arrow completely misses Natasha.
Natasha mumbles some strange words.
Natasha glows brightly for a moment.
Natasha closely misses you.
Firing (i - inventory):
d - 29 arrows (quivered)
Press: ? - help, Shift-Dir - straight line, f/p - Natasha
Aim: Natasha You shoot an arrow.
The arrow hits Natasha but does no damage.
Natasha claws you.
You die...

...#####.##.....##### #.#
..##.....##.##.....## ##.#
.....######.#.......# #<.. ...###
#(........# ##.. ..## ##........#
#... ..# #........# .. #... ..#
#........####. #####.. ..#
#...h.>.....#..#.# #.. .##
#..÷.@......#..#.# #.. .#
##...............# #>. .#
###......##.... #.###.. .#
#.........#######...#..
.##########.........#........†.<.
.##.....†................###....#
.#########..........####.....#...
.# #............# ##........ .#
##.##>........#####.####...


You could see Natasha.

Vanquished Creatures
  Natasha (twice) (D:2)
  An adder (D:2)
  A dart slug (D:1)
  3 ball pythons (D:1)
  3 bats
  5 giant cockroaches
  3 goblins (D:1)
  2 hobgoblins (D:1)
  3 frilled lizards (D:1)
  4 kobolds (D:1)
  5 rats (D:1)
32 creatures vanquished.

Notes
Turn   | Place    | Note
-------+----------+-------------------------------------------
     0 | D:1      | Alfie the Human Hunter began the quest for the Orb.
     0 | D:1      | Reached XP level 1. HP: 16/16 MP: 1/1
   116 | D:1      | Reached XP level 2. HP: 22/22 MP: 2/2
   478 | D:1      | Reached XP level 3. HP: 27/27 MP: 3/3
   962 | D:2      | Noticed Natasha
   980 | D:2      | HP: 1/27 [Natasha (11)]
   981 | D:2      | Killed Natasha
   981 | D:2      | Reached skill level 5 in Bows
   981 | D:2      | Reached skill level 1 in Armour
   981 | D:2      | Reached XP level 4. HP: 1/33 MP: 4/4
  1032 | D:2      | Noticed Natasha
  1041 | D:2      | Killed Natasha
  1056 | D:2      | Noticed Natasha
  1057 | D:2      | HP: 1/34 [Natasha/magic dart (4)]
  1061 | D:2      | Slain by Natasha

Skill      XL: |  1  2  3 |
---------------+----------+-----
Bows           | 5 |  5.3
Armour         | 1 |  1.2
Fighting       | |  2.4
Dodging        | |  2.1
Stealth        | |  1.2

Action                   |  1- 3 |  4- 6 || total
-------------------------+-------+-------++-------
 Fire: Shortbow          |    81 |     8 ||    89
  Use: Potion            |     1 |       ||     1
Armor: Leather armour    |     2 |       ||     2
Dodge: Dodged            |    17 |     1 ||    18
